 Dungeon Crawl Stone Soup version 0.19-a0-1079-g88a7474 (webtiles) character file.

661863 Leszczynek the Warrior (level 27, -22/266 (284) HPs)
             Began as an Ogre Conjurer on Aug 5, 2016.
             Was the Champion of Hepliaklqana.
             Annihilated by a frost giant simulacrum (30 damage)
             ... summoned by a greater mummy
             ... on level 2 of the Tomb of the Ancients on Aug 6, 2016.
             The game lasted 05:47:34 (40134 turns).

Leszczynek the Warrior (Ogre Conjurer)             Turns: 40134, Time: 05:47:35

HP:   -22/266 (284) AC: 14    Str: 25 (27) XL:     27
MP:   27/37         EV: 21    Int: 14      God:    Hepliaklqana [******]
Gold: 1655          SH: 28    Dex: 16      Spells: 14 memorised, 3 levels left

rFire  + + .     SeeInvis .     a - +8 mithril axe "Arga" {speed, MR+}
rCold  . . .     Gourm    .     K - +2 robe of Vines {NoDeviceHeal Regen+7}
rNeg   + + .     Faith    +     i - +7 large shield {rF+}
rPois  .         Spirit   .     R - +2 hat
rElec  +         Dismiss  .     y - +2 cloak {MR+}
rCorr  .         Reflect  .     (gloves unavailable)
SustAt +         Harm     .     (boots unavailable)
MR     ++++.     Rnd*Rage +     P - amulet "Wonlim" {Faith rN+ Dex+4 Stlth+}
Stlth  ++........               D - ring of Ynimor {rElec rN+ AC+1 Int-3}
                                u - ring of sustain attributes

@: aura of abjuration, very slightly contaminated, hasted, repel missiles, very
quick
A: unfitting armour, claws 1, repulsion field 1, slimy green scales 2, berserk
1, clumsy 1, fire resistance 1, strong 2, tough skin 1, wild magic 1
a: Recall Ancestor, Ancestor Identity, Transference, Idealise, Renounce Religion
}: 4/15 runes: serpentine, barnacled, slimy, silver


You were on level 2 of the Tomb of the Ancients.
You worshipped Hepliaklqana.
Hepliaklqana was exalted by your worship.
You were not hungry.

You visited 13 branches of the dungeon, and saw 57 of its levels.
You also visited: Labyrinth and Ice Cave.

You collected 5835 gold pieces.
You spent 4180 gold pieces at shops.

Inventory:

Hand Weapons
 a - the +8 mithril axe "Arga" (weapon) {speed, MR+}
   (You found it on level 3 of the Vaults)

   Attacks with this weapon are significantly faster.
   It affects your resistance to hostile enchantments.
Missiles
 B - 8 throwing nets
 J - 95 large rocks (quivered)
Armour
 i - a +7 large shield of fire resistance (worn)
 y - a +2 cloak of magic resistance (worn)
 K - the +2 robe of Vines (worn) {NoDeviceHeal Regen+7}
   (You bought it in a shop on level 7 of the Dungeon)

   It increases your rate of regeneration.
 R - a +2 hat (worn)
Rods
 z - a +3 rod of shadows (10/10)
   (You found it on level 5 of the Pits of Slime)
Jewellery
 c - an uncursed ring of resist corrosion
 e - an uncursed ring of protection from cold
 u - a ring of sustain attributes (left claw)
 D - the ring of Ynimor (right claw) {rElec rN+ AC+1 Int-3}
   (You found it on level 4 of the Shoals)

   [ring of protection]

   It affects your AC (+1).
   It affects your intelligence (-3).
   It insulates you from electricity.
   It protects you from negative energy.
 G - an uncursed ring of see invisible
 N - an uncursed ring of protection from fire
 P - the amulet "Wonlim" (around neck) {Faith rN+ Dex+4 Stlth+}
   (You found it on level 1 of the Crypt)

   [amulet of faith]

   It allows you to gain divine favour quickly.
   It affects your dexterity (+4).
   It protects you from negative energy.
   It makes you more stealthy.
 Q - an uncursed ring of poison resistance
 V - the amulet of the Prince of Darkness {Dismiss rC++ SInv}
   (You found it on level 1 of the Depths)

   [amulet of dismissal]

   It may teleport away creatures that harm you.
   It greatly protects you from cold.
   It lets you see invisible.
 W - the ring "Paqatt" {rElec rC+ AC+3 Str+4 Int-3}
   (You took it off a deep elf archer on level 3 of the Elven Halls)

   [ring of protection]

   It affects your AC (+3).
   It affects your strength (+4).
   It affects your intelligence (-3).
   It protects you from cold.
   It insulates you from electricity.
Wands
 k - a wand of disintegration (9/24)
 n - a wand of teleportation (8/9)
 A - a wand of digging (11/24)
 E - a wand of paralysis (14/24)
 H - a wand of heal wounds (2/9)
 L - a wand of confusion (23/48)
 T - a wand of hasting (4/9)
Scrolls
 f - 25 scrolls of remove curse
 h - 2 scrolls of enchant armour
 l - 2 scrolls of magic mapping
 m - 9 scrolls of teleportation
 q - 9 scrolls of recharging
 s - 2 scrolls of summoning
 C - 7 scrolls of blinking
 F - 5 scrolls of fog
 I - a scroll of identify
 S - a scroll of holy word
Potions
 g - 13 potions of flight
 j - 2 potions of invisibility
 o - 3 potions of might
 p - 4 potions of cure mutation
 t - 19 potions of curing
 v - 10 potions of agility
 x - 7 potions of heal wounds
 M - 3 potions of cancellation
 U - 3 potions of resistance
 Y - 5 potions of lignification
 Z - 4 potions of ambrosia
Miscellaneous
 b - a fan of gales
 r - 5 boxes of beasts
 w - 3 phantom mirrors
 X - 2 sacks of spiders
Comestibles
 d - 13 meat rations
 O - 15 bread rations


   Skills:
 - Level 18.6 Fighting
 - Level 17.2(18.2) Axes
   Level 17.3(23.5) Maces & Flails
 + Level 18.4 Throwing
 + Level 13.8 Dodging
 - Level 1.5 Stealth
 - Level 15.0 Shields
 - Level 10.5 Spellcasting
   Level 2.9 Conjurations
 + Level 7.0 Hexes
 - Level 4.2 Charms
 - Level 10.8 Summonings
 + Level 8.7 Necromancy
 - Level 8.1 Translocations
   Level 10.0 Ice Magic
 - Level 4.5 Air Magic
 - Level 12.3 Invocations
 - Level 9.1 Evocations


You had 3 spell levels left.
You knew the following spells:

 Your Spells              Type           Power        Failure   Level  Hunger
a - Apportation           Tloc           #####.....   1%          1    None
b - Animate Skeleton      Necr           N/A          1%          1    None
c - Portal Projectile     Tloc           #####.       2%          3    #......
d - Passage of Golubria   Tloc           N/A          8%          4    ###....
e - Blink                 Tloc           N/A          1%          2    None
f - Aura of Abjuration    Summ           #####.....   8%          5    #####..
g - Summon Mana Viper     Hex/Summ       #####...     14%         5    #####..
h - Summon Butterflies    Summ           #####...     1%          1    None
i - Swiftness             Chrm/Air       ####....     4%          2    None
j - Silence               Hex/Air        ####......   38%         5    #####..
k - Borgnjor's Revivific  Necr           #####.....   100%        8    #######
l - Song of Slaying       Chrm           ###.....     4%          2    None
q - Regeneration          Chrm/Necr      ####......   3%          3    #......
w - Repel Missiles        Chrm/Air       ####..       4%          2    None


Dungeon Overview and Level Annotations

Branches:
Dungeon (15/15)            Temple (1/1) D:4            Lair (6/6) D:10
 Shoals (4/4) Lair:2        Snake (4/4) Lair:4        Slime (5/5) Lair:6
    Orc (2/2) D:11            Elf (3/3) Orc:2        Vaults (5/5) D:13
  Crypt (3/3) Vaults:3       Tomb (3/3) Crypt:3      Depths (5/5) D:15
   Hell (1/1)                 Zot (0/5) Depths:5
    Dis: Hell:1         Geh: Hell:1         Coc: Hell:1         Tar: Hell:1

Altars:
Ashenzari
Cheibriados
Dithmenos
Elyvilon
Fedhas
Gozag
Hepliaklqana
Kikubaaqudgha
Nemelex Xobeh
Okawaru
Pakellas
Qazlal
Ru
Sif Muna
Trog
Uskayaw
Vehumet
Xom
Yredelemnul
Zin
The Shining One
Jiyva

Shops:
D:7 *[*   D:9 :   D:12 *   Orc:1 %   Orc:2 *!:[   Elf:2 (   Elf:3 *   Snake:3 %
Depths:3 }(***   Depths:5 =

Portals:
Hell: Depths:1 Depths:3 Depths:4 Depths:5
Abyss: Depths:2 Depths:3 Depths:4 Depths:5
Pandemonium: Orc:2 Depths:2 Depths:3 Depths:5
Ziggurat: Depths:1

Annotations:
D:14 Frances, Roxanne
Snake:4 Vashnia
Hell Geryon


Innate Abilities, Weirdness & Mutations

You are too large for most types of armour.
You have tough skin. (AC +1)
You have sharp fingernails.
You are surrounded by a mild repulsion field. (EV +2)
You are mostly covered in slimy green scales. (AC +3)
You tend to lose your temper in combat.
You are clumsy. (Dex -2)
Your flesh is heat resistant. (rF+)
Your muscles are very strong. (Str +4)
Your spells are a little harder to cast, but a little more powerful.


Message History

The vampire shudders.
The freezing wraith shudders.
The flayed ghost disappears in a puff of smoke!
The vampire disappears in a puff of smoke!
The frost giant simulacrum shudders.
Eatburger hits the vampire with a broad axe of speed!
Eatburger hits the mummy priest with a broad axe of speed!
The mummy priest is destroyed!
You feel extremely nervous for a moment...
Your body is wracked with pain!
* * * LOW HITPOINT WARNING * * *
The freezing wraith disappears in a puff of smoke!
Your life force feels restored.
Unknown command.
The vampire disappears in a puff of smoke!
The frost giant simulacrum shudders.
Eatburger hits the greater mummy with a broad axe of speed!
The frost giant simulacrum hits you!
* * * LOW HITPOINT WARNING * * *
The frost giant simulacrum freezes you!!
You die...

######################
#......^#........#....
#....^^.#^......^#^^..
#..^....'^.......'....
#.....Z^#..^^...^#...^
#....@..#.^......#....
#....#################
#.§..#................
#....#...†##.........#
#R§.§#..####..........
#.M§§#..##............
#>[.§#........##......
######........###.....
#....#.........##.[...


You could see the friendly Eatburger the knight, a greater mummy and a frost
giant simulacrum.

Vanquished Creatures
  the Royal Jelly (Slime:5)
  An ancient lich (Vaults:5)
  Mara (Elf:3)
  A juggernaut (Depths:4)
  Boris (Vaults:4)
  23 greater mummies
  Bai Suzhen (Depths:2)
  3 caustic shrikes
  the Enchantress (D:15)
  A golden dragon (Vaults:5)
  3 bone dragons
  Jorgrun (Depths:1)
  6 tentacled monstrosities
  An Ice Fiend (IceCv)
  9 liches
  A deep elf blademaster (Elf:3)
  3 titans
  5 acid blobs
  A deep elf master archer (Elf:3)
  4 sphinxes
  3 shadow dragons
  2 ancient champions
  5 tengu reavers
  2 storm dragons
  Donald (Elf:3)
  Ilsuiw (Shoals:4)
  7 azure jellies
  5 greater nagas (Snake:4)
  2 iron dragons
  7 fire giants
  Aizul (Snake:1)
  8 vault wardens
  5 deep elf sorcerers
  A balrug (Depths:4)
  7 frost giants
  A cacodemon (Depths:2)
  A draconian annihilator (Depths:5)
  An emperor scorpion (shapeshifter) (Depths:5)
  2 ghouls
  13 ironheart preservers
  A caustic shrike skeleton (Depths:4)
  6 deep elf elementalists
  4 spriggan defenders (Depths:1)
  13 stone giants
  11 very ugly things
  4 war gargoyles
  9 bennus
  3 entropy weavers
  7 vampire knights
  A green draconian (Depths:5)
  A white draconian (Depths:5)
  6 deep elf demonologists
  5 deep elf annihilators
  A purple draconian (Depths:5)
  A black draconian (Depths:5)
  A red draconian (Depths:5)
  4 spark wasps (Depths:4)
  Snorg (D:11)
  8 deep elf death magi
  An eidolon (Crypt:1)
  3 merfolk javelineers
  A quicksilver dragon zombie (Depths:3)
  13 mummy priests
  9 ettins
  10 merfolk impalers
  Josephine (D:12)
  6 fire dragons
  Harold (Lair:2)
  16 great orbs of eyes
  A crystal guardian (Crypt:3)
  3 death oozes (Slime:5)
  A minotaur (Lab)
  2 deep elf high priests
  5 rakshasas
  12 yaktaur captains
  3 jiangshi
  4 hydras
  22 vault guards
  13 naga warriors
  Fannar (Lair:2)
  3 ice dragons
  4 centaur warriors
  An anaconda (shapeshifter) (Depths:4)
  A quicksilver dragon skeleton (Depths:3)
  2 merfolk aquamancers
  2 death knights
  Erica (D:9)
  A merfolk avatar (Shoals:4)
  6 spriggan air magi
  10 ogre magi
  A satyr (Shoals:2)
  9 dancing weapons
  9 death scarabs
  6 deep troll shamans
  4 vampire magi
  4 deep troll earth magi
  2 alligator snapping turtles
  5 anacondas
  3 tengu warriors
  5 orc high priests (Orc:2)
  10 shock serpents
  A spriggan berserker (Depths:4)
  15 deep elf knights
  7 naga sharpshooters
  3 spriggans (Depths:1)
  Nergalle (Lair:4)
  Sonja (D:14)
  A large abomination (Elf:3)
  3 soul eaters
  21 skeletal warriors
  3 hell knights (Crypt:3)
  A salamander mystic (Snake:4)
  A shadow wraith (Vaults:2)
  13 deep trolls
  5 wizards
  19 sea snakes
  A flayed ghost (Depths:2)
  A gelid demonspawn (Depths:1)
  3 infernal demonspawn
  3 anubis guards (Tomb:1)
  11 deep elf archers
  A giant orange brain (shapeshifter) (Vaults:3)
  A lindwurm (Lair:5)
  3 phantasmal warriors
  A giant orange brain (Vaults:1)
  2 naga ritualists (Snake:1)
  4 hill giants
  A putrid demonspawn (Orc:2)
  7 harpies
  8 necromancers
  9 orc knights
  5 ironbrand convokers
  6 orc sorcerers (Orc:2)
  49 deep elf magi
  A fire giant zombie (Depths:3)
  A shining eye (shapeshifter) (Vaults:5)
  4 wolf spiders
  7 cyclopes
  A salamander (shapeshifter) (Vaults:5)
  4 shining eyes
  41 ugly things
  14 griffons
  A frost giant zombie (Depths:4)
  7 fauns (Shoals:2)
  7 salamanders
  4 mana vipers
  7 manticores
  2 centaur zombies
  A sixfirhy (Orc:2)
  3 ice statues (IceCv)
  A dire elephant zombie (Crypt:1)
  5 sirens
  18 black mambas
  11 naga magi
  5 water nymphs
  8 vault sentinels
  6 guardian serpents
  Maurice (D:8)
  An orange demon (Depths:1)
  A water nymph (shapeshifter) (Vaults:5)
  4 gargoyles
  12 spiny frogs
  2 centaur skeletons
  3 komodo dragons
  45 yaktaurs
  3 rime drakes
  A tengu conjurer (Depths:5)
  An anaconda simulacrum (IceCv)
  6 freezing wraiths
  A golden dragon simulacrum (IceCv)
  10 ice devils
  A queen bee (shapeshifter) (D:14)
  2 red devils
  19 guardian mummies
  A polar bear (shapeshifter) (D:15)
  4 trolls
  A two-headed ogre (shapeshifter) (Depths:5)
  A hydra zombie (Tomb:2)
  7 polar bears (Lair:6)
  A shadow dragon simulacrum (Depths:4)
  9 merfolk
  A raiju (Lair:6)
  24 two-headed ogres
  A bog body (Crypt:2)
  3 wind drakes
  6 blink frogs
  A deep troll zombie (Depths:1)
  3 boulder beetles
  40 slime creatures
  7 ushabtiu
  12 snapping turtles
  2 spriggans (shapeshifter)
  8 air elementals
  3 ettin skeletons
  27 flying skulls
  A tarantella (Vaults:2)
  3 shadows
  2 redbacks
  A vampire (D:11)
  A ynoxinul (Orc:2)
  3 fire bats (Lair:6)
  27 water elementals
  7 wraiths
  An ice dragon skeleton (Depths:1)
  12 humans
  3 hungry ghosts
  A tarantella (shapeshifter) (Depths:1)
  50 yaks
  3 basilisks
  A basilisk (shapeshifter) (Vaults:2)
  A black mamba skeleton (Tomb:3)
  A hog (shapeshifter) (Vaults:1)
  5 hippogriffs
  A neqoxec (Orc:2)
  2 yaktaur simulacra (Depths:1)
  3 iron troll simulacra (IceCv)
  32 nagas
  2 vampire mosquitoes (D:15)
  5 wargs
  A human zombie (Depths:4)
  7 water moccasins
  A hydra simulacrum (IceCv)
  4 hell hounds (Lair:6)
  2 soldier ants (D:12)
  3 porcupines
  A giant eyeball (shapeshifter) (Depths:4)
  29 orc warriors
  13 black bears
  5 ice beasts
  A black bear (shapeshifter) (Depths:1)
  2 wasps
  63 ogres
  3 eyes of draining
  A necrophage (D:9)
  2 ettin simulacra (IceCv)
  A phantom (D:7)
  4 boggarts
  18 wolves
  19 centaurs
  5 crocodiles
  A manticore skeleton (Tomb:1)
  Blork the orc (D:5)
  4 big kobolds
  11 giant frogs
  An earth elemental (Elf:2)
  A spiny frog simulacrum (Crypt:2)
  3 scorpions
  A troll zombie (Crypt:2)
  11 wights
  10 howler monkeys
  8 crimson imps
  2 quasits
  2 jellies
  2 giant frog zombies
  21 hounds
  22 orc wizards
  23 orc priests
  9 iguanas
  6 worker ants
  9 sheep
  28 mummies
  3 gnolls (D:6)
  A howler monkey skeleton (D:4)
  5 adders
  20 river rats
  6 shadow imps
  2 white imps (Depths:1)
  4 ufetubi
  2 oozes
  An ooze (shapeshifter) (Vaults:5)
  An iguana zombie (Crypt:2)
  2 worms
  5 giant geckos
  78 orcs
  2 bats
  3 giant cockroaches
  8 goblins
  6 hobgoblins
  7 jackals
  4 quokkas
  A ball python (D:2)
  A giant gecko skeleton (D:4)
  3 giant newts
  A gnoll zombie (Crypt:2)
  14 kobolds
  2 quokka skeletons
  A rat skeleton (Crypt:2)
  3 plants (Lair:6)
1807 creatures vanquished.

Vanquished Creatures (collateral kills)
  2 ancient liches
  5 greater mummies (Tomb:1)
  2 caustic shrikes (Depths:5)
  Nikola (Depths:3)
  6 liches
  2 tentacled monstrosities (Vaults:5)
  A deep elf blademaster (Elf:3)
  A deep elf master archer (Elf:3)
  A titan (Vaults:5)
  A kraken (Shoals:4)
  8 acid blobs
  2 ancient champions
  2 sphinxes
  Agnes (Snake:2)
  A storm dragon (Vaults:5)
  2 shadow dragons (Vaults:5)
  2 tengu reavers (Vaults:5)
  3 greater nagas (Snake:4)
  A fire giant (D:15)
  4 vault wardens (Vaults:5)
  4 iron dragons
  2 frost giants
  2 deep elf sorcerers
  Louise (Snake:1)
  3 azure jellies
  A draconian shifter (Depths:5)
  A deep elf elementalist (Elf:3)
  5 ironheart preservers
  A curse skull (Crypt:2)
  4 stone giants
  5 very ugly things
  2 deep elf demonologists (Elf:3)
  3 bennus
  A red draconian (Depths:5)
  2 deep elf annihilators (Elf:3)
  A green draconian (Depths:5)
  2 merfolk impalers
  4 ettins
  2 death oozes (Slime:5)
  3 deep elf death magi (Elf:3)
  4 merfolk javelineers
  A crystal guardian (Crypt:3)
  An eidolon (Crypt:1)
  3 yaktaur captains
  4 mummy priests
  3 fire dragons
  5 ice dragons
  2 great orbs of eyes
  7 vault guards
  A spriggan air mage (Depths:1)
  A rakshasa (Vaults:1)
  A naga warrior (Snake:4)
  4 centaur warriors
  A ghost crab (shapeshifter) (D:15)
  8 ogre magi
  3 anacondas
  A satyr (Shoals:3)
  3 dancing weapons
  2 merfolk aquamancers
  A tengu warrior (Depths:1)
  A hell hog (shapeshifter) (Depths:4)
  5 death scarabs
  A death yak (shapeshifter) (Vaults:5)
  3 deep troll earth magi
  An orc high priest (Orc:2)
  A naga sharpshooter (Snake:4)
  5 deep elf knights
  A spriggan berserker (Depths:5)
  2 shock serpents
  A titan skeleton (Depths:3)
  2 skeletal warriors
  2 hell knights
  A salamander mystic (Snake:3)
  2 shadow wraiths
  A storm dragon skeleton (Depths:4)
  A golden dragon zombie (Crypt:3)
  9 deep trolls
  A gelid demonspawn (Orc:2)
  3 sea snakes
  3 wizards
  An unseen horror (Vaults:1)
  A giant orange brain (Vaults:1)
  2 anubis guards
  3 deep elf archers
  3 ironbrand convokers
  4 necromancers
  A wolf spider zombie (Crypt:3)
  17 deep elf magi
  4 harpies
  2 wolf spiders (Vaults:2)
  2 mana vipers
  3 orc knights
  7 salamanders
  5 griffons
  3 manticores (Shoals:4)
  4 fauns
  16 ugly things
  2 guardian serpents (Snake:4)
  2 cyclopes
  4 sirens
  3 black mambas
  A black mamba (shapeshifter) (D:12)
  A water nymph (shapeshifter) (Vaults:5)
  A spiny frog (Lair:5)
  3 naga magi
  A komodo dragon (shapeshifter) (Depths:5)
  A komodo dragon (Lair:3)
  18 yaktaurs
  A catoblepas skeleton (Crypt:2)
  2 tengu conjurers
  2 freezing wraiths
  12 guardian mummies
  An ice devil (IceCv)
  6 merfolk
  A polar bear (Lair:6)
  A troll (shapeshifter) (Depths:5)
  A spriggan skeleton (Depths:1)
  9 two-headed ogres
  A meliai zombie (Crypt:2)
  A raiju (shapeshifter) (Vaults:4)
  A raiju (Lair:6)
  6 ushabtiu
  3 blink frogs (Lair:6)
  18 slime creatures
  A snapping turtle (Shoals:4)
  2 boulder beetles
  A black mamba zombie (Tomb:2)
  8 flying skulls
  3 redbacks (Vaults:4)
  A shadow (D:15)
  8 water elementals
  4 air elementals
  16 yaks
  A fire dragon skeleton (Depths:1)
  3 wraiths
  A fire bat (Lair:6)
  A basilisk (Lair:2)
  7 humans (D:13)
  A hippogriff (D:14)
  A mottled dragon (Vaults:1)
  4 wargs
  13 nagas
  4 hell hounds (Lair:6)
  2 hydra simulacra (IceCv)
  5 orc warriors
  2 ice beasts
  3 black bears (Lair:6)
  3 necrophages
  12 ogres
  A phantom (D:14)
  3 wolves
  A boggart (Depths:2)
  3 crocodiles
  8 centaurs
  A big kobold (shapeshifter) (Elf:1)
  2 giant frogs
  A hippogriff zombie (Crypt:1)
  A swamp dragon simulacrum (Tomb:1)
  A howler monkey (D:13)
  3 electric eels (D:10)
  A crimson imp (D:5)
  A centaur zombie (D:7)
  6 orc priests
  A jelly (D:8)
  3 hounds
  3 orc wizards
  2 iguanas
  5 sheep
  8 mummies
  A worker ant zombie (D:11)
  A gnoll (D:6)
  3 adders
  7 river rats
  A dart slug (D:4)
  A giant gecko (D:4)
  21 orcs
  6 kobolds
  2 quokkas
  A giant cockroach zombie (Crypt:2)
  A crawling corpse (Elf:3)
  2 fungi (Lair:5)
  3 plants
592 creatures vanquished.

Vanquished Creatures (others)
  A vampire knight (Depths:3)
  Erolcha (D:10)
  A dancing weapon (Elf:1)
  A merfolk aquamancer (Shoals:4)
  The ghost of Xiguana the Destroyer, a journeyman TeCj of Vehumet (D:10)
  16 death scarabs (Tomb:2)
  4 deep elf knights
  An anubis guard (Tomb:1)
  A deep elf archer (Elf:1)
  The ghost of murphy the Destroyer, a novice TeCj of Vehumet (D:7)
  3 yaktaurs
  A two-headed ogre (Depths:4)
  An ice dragon zombie (Tomb:2)
  4 flying skulls (Tomb:2)
  An air elemental (Depths:4)
  2 nagas
  An orc warrior (D:13)
  A hound (D:7)
  17 knights
  2 orcs
  A jackal (D:7)
  5 fulminant prisms
  2 fungi
  10 plants
  11 tentacles
  628 tentacle segments
718 creatures vanquished.

Grand Total: 3117 creatures vanquished

Notes
Turn   | Place    | Note
-------+----------+-------------------------------------------
     0 | D:1      | Leszczynek the Ogre Conjurer began the quest for the Orb.
     0 | D:1      | Reached XP level 1. HP: 16/16 MP: 3/3
   104 | D:1      | Reached skill level 2 in Fighting
   173 | D:1      | Reached XP level 2. HP: 15/28 MP: 0/5
   312 | D:1      | Reached skill level 1 in Maces & Flails
   316 | D:1      | Learned a level 2 spell: Searing Ray
   394 | D:2      | Found a faded altar of an unknown god.
   639 | D:2      | Found an ancient bone altar of Kikubaaqudgha.
   696 | D:1      | Reached XP level 3. HP: 36/36 MP: 1/6
   804 | D:3      | Reached skill level 3 in Fighting
   804 | D:3      | Reached skill level 2 in Maces & Flails
   870 | D:3      | Found a snail-covered altar of Cheibriados.
   977 | D:3      | Reached skill level 3 in Maces & Flails
  1140 | D:4      | Reached XP level 4. HP: 45/45 MP: 3/7
  1198 | D:4      | Found a staircase to the Ecumenical Temple.
  1207 | D:4      | Reached skill level 4 in Maces & Flails
  1219 | Temple   | Entered the Ecumenical Temple
  1357 | Temple   | Became a worshipper of Hepliaklqana
  1403 | D:4      | Reached XP level 5. HP: 47/53 MP: 8/8
  1506 | D:4      | Reached skill level 5 in Maces & Flails
  1540 | D:4      | Reached skill level 6 in Maces & Flails
  1547 | D:4      | Reached XP level 6. HP: 52/61 MP: 7/9
  1599 | D:4      | Reached skill level 7 in Maces & Flails
  1762 | D:4      | Reached skill level 8 in Maces & Flails
  1885 | D:5      | Entered Level 5 of the Dungeon
  1895 | D:5      | Reached XP level 7. HP: 58/67 MP: 10/10
  1929 | D:5      | Reached * piety under Hepliaklqana
  1945 | D:5      | Reached skill level 9 in Maces & Flails
  1962 | D:5      | Found a shadowy altar of Dithmenos.
  2148 | D:5      | Noticed Blork the orc
  2156 | D:5      | Killed Blork the orc
  2156 | D:5      | Reached skill level 10 in Maces & Flails
  2425 | D:6      | Reached skill level 11 in Maces & Flails
  2425 | D:6      | Reached XP level 8. HP: 66/75 MP: 7/11
  2465 | D:6      | Reached ** piety under Hepliaklqana
  2473 | D:6      | Remembered your ancestor Eatburger as a knight
  2627 | D:6      | Gained mutation: You are partially covered in slimy green scales. (AC +2) [potion of mutation]
  2627 | D:6      | Gained mutation: You are mostly covered in slimy green scales. (AC +3) [potion of mutation]
  2627 | D:6      | Gained mutation: You are surrounded by a mild repulsion field. (EV +2) [potion of mutation]
  2628 | D:6      | wow
  2628 | D:6      | this is already amazing, should i try more
  2628 | D:6      | Gained mutation: You are clumsy. (Dex -2) [potion of mutation]
  2628 | D:6      | Gained mutation: Your muscles are strong. (Str +2) [potion of mutation]
  2628 | D:6      | Gained mutation: Your flesh is heat resistant. (rF+) [potion of mutation]
  2629 | D:6      | amazing
  2681 | D:6      | Reached skill level 12 in Maces & Flails
  3044 | D:7      | Reached *** piety under Hepliaklqana
  3060 | D:7      | Found a glowing silver altar of Zin.
  3064 | D:7      | Found a white marble altar of Elyvilon.
  3064 | D:7      | Found a glowing golden altar of the Shining One.
  3140 | D:7      | Noticed murphy's ghost (novice TeCj)
  3149 | D:7      | Killed murphy's ghost
  3156 | D:7      | Found Uqon's General Store.
  3162 | D:7      | Reached skill level 13 in Maces & Flails
  3162 | D:7      | Found Sepp's Armour Boutique.
  3184 | D:7      | Found a sparkling altar of Nemelex Xobeh.
  3218 | D:8      | Reached XP level 9. HP: 50/81 MP: 12/12
  3262 | D:8      | there are shops in d:7, i need to go back
  3262 | D:8      | including an MR cloak
  3263 | D:8      | Found a stormy altar of Qazlal.
  3284 | D:8      | Noticed a deep elf mage
  3292 | D:8      | Killed a deep elf mage
  3292 | D:8      | Reached skill level 14 in Maces & Flails
  3418 | D:7      | Found a stormy altar of Qazlal.
  3425 | D:7      | Reached skill level 2 in Dodging
  3532 | D:7      | well, cloak will have to wait
  3532 | D:7      | Bought a scroll of fear for 42 gold pieces
  3532 | D:7      | Bought a potion of heal wounds for 60 gold pieces
  3532 | D:7      | Bought 3 large rocks for 25 gold pieces
  3532 | D:7      | Bought a potion of lignification for 36 gold pieces
  3568 | D:7      | Reached skill level 4 in Fighting
  3618 | D:7      | all these nice wands and i have no ID
  3645 | D:7      | Found Pygrykh's General Store.
  3647 | D:7      | robe of vines
  3647 | D:7      | is this a good idea
  3647 | D:7      | i don't have the money anyway
  3647 | D:7      | but damn
  3782 | D:8      | Noticed Maurice
  3798 | D:8      | Killed Maurice
  3798 | D:8      | Reached skill level 5 in Fighting
  3836 | D:8      | Reached skill level 3 in Dodging
  3846 | D:8      | Reached skill level 6 in Fighting
  3879 | D:8      | regen amulet
  3879 | D:8      | nice
  4069 | D:9      | Reached skill level 7 in Fighting
  4069 | D:9      | Reached XP level 10. HP: 91/102 MP: 13/13
  4075 | D:9      | Reached skill level 15 in Maces & Flails
  4106 | D:9      | Reached **** piety under Hepliaklqana
  4209 | D:9      | Reached skill level 8 in Fighting
  4209 | D:9      | Reached skill level 4 in Dodging
  4245 | D:9      | Paralysed by a wasp for 2 turns
  4254 | D:9      | Reached skill level 1 in Invocations
  4331 | D:9      | Found Liskaill's Book Shoppe.
  4452 | D:9      | Reached skill level 2 in Invocations
  4538 | D:9      | Noticed Erica
  4540 | D:9      | Reached skill level 3 in Invocations
  4561 | D:9      | Killed Erica
  4561 | D:9      | Reached skill level 4 in Invocations
  4666 | D:7      | Bought the +2 robe of Vines {NoDeviceHeal Regen+7} for 194 gold pieces
  4748 | D:10     | Entered Level 10 of the Dungeon
  4862 | D:10     | Noticed Erolcha
  4864 | D:10     | Noticed Xiguana's ghost (journeyman TeCj)
  4866 | D:10     | Killed Erolcha
  4937 | D:10     | Killed Xiguana's ghost
  5021 | D:10     | Noticed a centaur warrior
  5024 | D:10     | Reached skill level 5 in Dodging
  5028 | D:10     | Killed a centaur warrior
  5028 | D:10     | Reached skill level 9 in Fighting
  5028 | D:10     | Reached skill level 5 in Invocations
  5028 | D:10     | Reached XP level 11. HP: 115/115 MP: 13/15
  5031 | D:10     | Noticed a hill giant
  5034 | D:10     | Killed a hill giant
  5071 | D:10     | Learned a level 1 spell: Apportation
  5073 | D:10     | Learned a level 1 spell: Animate Skeleton
  5134 | D:10     | Found a staircase to the Lair.
  5370 | D:11     | Noticed a cyclops
  5376 | D:11     | Killed a cyclops
  5376 | D:11     | Reached skill level 6 in Invocations
  5477 | D:11     | Reached skill level 1 in Throwing
  5508 | D:11     | Noticed a death knight
  5509 | D:11     | Noticed a skeletal warrior
  5511 | D:11     | Noticed a centaur warrior
  5521 | D:12     | Noticed a manticore
  5538 | D:12     | Killed a manticore
  5551 | D:12     | Noticed a deep elf mage
  5564 | D:12     | Killed a deep elf mage
  5564 | D:12     | Reached skill level 10 in Fighting
  5564 | D:12     | Reached skill level 16 in Maces & Flails
  5590 | D:12     | Reached skill level 2 in Throwing
  5590 | D:12     | Reached skill level 7 in Invocations
  5596 | D:12     | Noticed Josephine
  5601 | D:12     | Killed Josephine
  5696 | D:12     | Noticed a red ugly thing
  5718 | D:12     | Killed a red ugly thing
  5774 | D:12     | Noticed a manticore
  5786 | D:12     | Killed a manticore
  5786 | D:12     | Reached skill level 3 in Throwing
  5802 | D:12     | Found a labyrinth entrance.
  5841 | D:12     | Reached skill level 8 in Invocations
  5859 | Lab      | Entered a labyrinth
  5865 | Lab      | time to waste 3003423423 turns here
  6122 | Lab      | Noticed a minotaur
  6130 | Lab      | Killed a minotaur
  6130 | Lab      | Reached skill level 11 in Fighting
  6130 | Lab      | Reached XP level 12. HP: 81/130 MP: 18/18
  6281 | D:11     | Found a staircase to the Orcish Mines.
  6357 | D:11     | Reached skill level 4 in Throwing
  6513 | D:13     | Found an iron altar of Okawaru.
  6592 | D:13     | Noticed a reaper
  6592 | D:13     | Noticed a reaper
  6592 | D:13     | Noticed a reaper
  6592 | D:13     | Noticed a reaper
  6592 | D:13     | Noticed a reaper
  6647 | D:13     | Noticed a five-headed hydra
  6660 | D:13     | Killed a five-headed hydra
  6660 | D:13     | Reached skill level 17 in Maces & Flails
  6806 | D:13     | Reached skill level 12 in Fighting
  6898 | D:13     | Reached ***** piety under Hepliaklqana
  6941 | D:13     | Reached skill level 5 in Throwing
  6997 | D:12     | Found Axzudyepn's Assorted Antiques.
  7036 | D:12     | Bought a runed large shield for 117 gold pieces
  7086 | D:12     | Reached skill level 1 in Shields
  7199 | D:13     | Reached skill level 2 in Shields
  7225 | D:13     | Reached skill level 3 in Shields
  7289 | D:13     | rpois, good
  7418 | D:14     | Noticed Frances
  7434 | D:14     | Reached skill level 4 in Shields
  7437 | D:14     | Noticed a centaur warrior
  7447 | D:14     | Killed a centaur warrior
  7452 | D:14     | Reached skill level 5 in Shields
  7461 | D:14     | Reached XP level 13. HP: 141/141 MP: 7/19
  7479 | D:14     | Noticed Sonja
  7490 | D:14     | Killed Sonja
  7508 | D:14     | Reached skill level 6 in Shields
  7547 | D:14     | Reached skill level 7 in Shields
  7681 | D:14     | Reached skill level 8 in Shields
  7714 | D:14     | Noticed Roxanne
  7950 | D:12     | Bought a scroll labeled OMEX HIEKE for 26 gold pieces
  7950 | D:12     | Bought a scroll labeled FUTOCU AGIASTA for 26 gold pieces
  7950 | D:12     | Bought a scroll labeled CUQUAPPOALI for 26 gold pieces
  8158 | D:7      | Bought a +2 cloak of magic resistance for 301 gold pieces
  8309 | D:11     | Reached skill level 9 in Shields
  8418 | D:11     | Noticed Snorg
  8425 | D:11     | Killed Snorg
  8776 | Orc:1    | Entered Level 1 of the Orcish Mines
  8801 | Orc:1    | Reached skill level 10 in Shields
  8826 | Orc:1    | Reached skill level 13 in Fighting
  8940 | Orc:1    | Found Kuwkal's Food Boutique.
  9081 | Orc:2    | Entered Level 2 of the Orcish Mines
  9132 | Orc:2    | Noticed an ettin
  9139 | Orc:2    | Killed an ettin
  9139 | Orc:2    | Reached skill level 6 in Throwing
  9266 | Orc:2    | Found a staircase to the Elven Halls.
  9345 | Orc:2    | Found Ritzy's Distillery.
  9357 | Orc:2    | Found Acopiffyco's General Store.
  9442 | Orc:2    | Reached XP level 14. HP: 146/153 MP: 20/20
  9760 | Orc:2    | Bought a scroll of identify for 26 gold pieces
  9760 | Orc:2    | Bought a scroll of identify for 26 gold pieces
  9832 | Orc:2    | Reached skill level 7 in Throwing
  9907 | Orc:2    | Reached skill level 14 in Fighting
  9972 | Orc:2    | Gained mutation: You tend to lose your temper in combat. [a neqoxec]
  9974 | Orc:2    | FUCK SORCERERS
 10032 | Orc:2    | Found Safikij's Book Emporium.
 10032 | Orc:2    | Found a one-way gate leading to the halls of Pandemonium.
 10032 | Orc:2    | Found Couxt's Antique Armour Shoppe.
 10072 | Orc:2    | i gained berserkitis for nothing
 10072 | Orc:2    | great
 10072 | Orc:2    | Bought a potion of beneficial mutation for 385 gold pieces
 10072 | Orc:2    | Gained mutation: Your muscles are very strong. (Str +4) [potion of beneficial mutation]
 10073 | Orc:2    | Gained mutation: Your spells are a little harder to cast, but a little more powerful. [potion of beneficial mutation]
 10074 | Orc:2    | Bought 2 potions of cancellation for 176 gold pieces
 10074 | Orc:2    | Bought a potion of curing for 33 gold pieces
 10074 | Orc:2    | Bought a potion of curing for 33 gold pieces
 10074 | Orc:2    | Bought a potion of agility for 44 gold pieces
 10074 | Orc:2    | Bought a potion of flight for 33 gold pieces
 10074 | Orc:2    | Bought a potion of lignification for 33 gold pieces
 10076 | Orc:2    | Bought a potion of agility for 52 gold pieces
 10076 | Orc:2    | Bought a potion of flight for 39 gold pieces
 10177 | Lair:1   | Entered Level 1 of the Lair of Beasts
 10219 | Lair:1   | Reached skill level 11 in Shields
 10311 | Lair:1   | Reached skill level 8 in Throwing
 10494 | Lair:2   | Noticed Fannar
 10506 | Lair:2   | Killed Fannar
 10633 | Lair:2   | Found a staircase to the Shoals.
 10763 | Lair:2   | Noticed Harold
 10772 | Lair:2   | Killed Harold
 10893 | Lair:3   | Reached skill level 15 in Fighting
 10962 | Lair:3   | Reached skill level 1 in Evocations
 11002 | Lair:4   | Found a staircase to the Snake Pit.
 11278 | Lair:4   | Reached ****** piety under Hepliaklqana
 11282 | Lair:4   | Noticed Nergalle
 11288 | Lair:4   | Killed Nergalle
 11288 | Lair:4   | Reached XP level 15. HP: 167/167 MP: 21/21
 11329 | Lair:4   | Reached skill level 2 in Evocations
 11599 | Lair:4   | Reached skill level 9 in Throwing
 11644 | Lair:5   | Reached skill level 3 in Evocations
 11763 | Lair:6   | Entered Level 6 of the Lair of Beasts
 11875 | Lair:6   | Found a runed door.
 11877 | Lair:6   | Found a viscous altar of Jiyva.
 11877 | Lair:6   | Noticed an azure jelly
 12048 | Lair:6   | Reached skill level 12 in Shields
 12048 | Lair:6   | Reached skill level 4 in Evocations
 12434 | Lair:5   | Reached skill level 5 in Evocations
 12637 | Lair:6   | Learned a level 4 spell: Passage of Golubria
 12641 | Lair:6   | Learned a level 3 spell: Portal Projectile
 12644 | Lair:6   | Learned a level 2 spell: Blink
 12902 | Snake:1  | Entered Level 1 of the Snake Pit
 12944 | Snake:1  | Noticed Louise
 12961 | Snake:1  | Killed Louise
 13067 | Snake:1  | Reached skill level 6 in Evocations
 13111 | Snake:1  | Noticed Aizul
 13156 | Snake:1  | Killed Aizul
 13183 | Snake:1  | Reached skill level 10 in Throwing
 13289 | Snake:2  | fuck
 13370 | Snake:2  | jesus these hurt
 13370 | Snake:2  | more than one at once will be my death
 13427 | Snake:2  | Noticed Agnes
 13441 | Snake:2  | Killed Agnes
 13441 | Snake:2  | Reached skill level 1 in Translocations
 13441 | Snake:2  | Reached XP level 16. HP: 176/178 MP: 22/22
 13584 | Snake:2  | jesus fuck i'm especially retarded
 13667 | Snake:3  | Reached skill level 16 in Fighting
 13727 | Snake:3  | Reached skill level 2 in Translocations
 13731 | Snake:3  | fuuck
 13810 | Snake:4  | Entered Level 4 of the Snake Pit
 13810 | Snake:4  | Noticed Vashnia
 13811 | Snake:4  | noooope
 13958 | Snake:4  | oh shit
 13971 | Snake:4  | oh god
 13971 | Snake:4  | fucking guardian serpents
 14002 | Snake:4  | wow
 14002 | Snake:4  | how am i alive
 14099 | Snake:4  | Reached skill level 3 in Translocations
 14126 | Snake:4  | Reached skill level 13 in Shields
 14132 | Snake:4  | i should hurry it up while vashnia is still not around
 14143 | Snake:4  | but how the fuck do i hurry up with snake vault
 14157 | Snake:4  | Noticed a greater naga
 14257 | Snake:4  | Reached skill level 11 in Throwing
 14312 | Snake:4  | Killed a greater naga
 14542 | Snake:4  | Identified a scroll of acquirement
 14598 | Snake:4  | Noticed a greater naga
 14610 | Snake:4  | Killed a greater naga
 14634 | Snake:4  | Noticed a greater naga
 14644 | Snake:4  | Killed a greater naga
 14644 | Snake:4  | Reached skill level 4 in Translocations
 14645 | Snake:4  | Noticed a greater naga
 14658 | Snake:4  | Killed a greater naga
 14664 | Snake:4  | Noticed a greater naga
 14678 | Snake:4  | Killed a greater naga
 14693 | Snake:4  | Reached XP level 17. HP: 169/189 MP: 23/23
 14743 | Snake:4  | Reached skill level 12 in Throwing
 14839 | Snake:4  | Reached skill level 17 in Fighting
 14853 | Snake:4  | Got a serpentine rune of Zot
 15030 | Snake:3  | Reached skill level 5 in Translocations
 15119 | Snake:3  | Found Ytzuetea's Food Shoppe.
 15574 | Snake:1  | Reached skill level 6 in Dodging
 15794 | Shoals:1 | Entered Level 1 of the Shoals
 15867 | Shoals:1 | Reached skill level 6 in Translocations
 15915 | Shoals:1 | Reached skill level 9 in Invocations
 15979 | Shoals:2 | Reached skill level 1 in Ice Magic
 16026 | Shoals:2 | Reached skill level 3 in Spellcasting
 16078 | Shoals:2 | Reached skill level 2 in Ice Magic
 16382 | Shoals:2 | Reached skill level 3 in Ice Magic
 16442 | Shoals:2 | Reached skill level 4 in Spellcasting
 16599 | Shoals:1 | Reached XP level 18. HP: 200/200 MP: 25/25
 16790 | Shoals:1 | Reached skill level 14 in Shields
 16814 | Shoals:1 | Reached skill level 7 in Dodging
 17123 | Shoals:4 | Entered Level 4 of the Shoals
 17136 | Shoals:4 | Reached skill level 4 in Ice Magic
 17157 | Shoals:4 | Noticed Ilsuiw
 17170 | Shoals:4 | Reached skill level 10 in Invocations
 17190 | Shoals:4 | Killed Ilsuiw
 17271 | Shoals:4 | oh well, at least i already got rid of her
 17379 | Shoals:4 | Got a shimmering jade ring
 17381 | Shoals:4 | Identified the ring of Ynimor {rElec rN+ AC+1 Int-3} (You found it on level 4 of the Shoals)
 17382 | Shoals:4 | nice
 17555 | Shoals:4 | Reached skill level 8 in Dodging
 17653 | Shoals:4 | oh
 17653 | Shoals:4 | Reached skill level 3 in Charms
 17653 | Shoals:4 | Reached XP level 19. HP: 201/209 MP: 26/26
 17752 | Shoals:4 | Got a barnacled rune of Zot
 17851 | Shoals:4 | Learned a level 5 spell: Aura of Abjuration
 17857 | Shoals:4 | Learned a level 5 spell: Summon Mana Viper
 17941 | Shoals:3 | Reached skill level 5 in Ice Magic
 18653 | D:13     | Found a gate to the Vaults.
 18730 | Vaults:1 | Entered Level 1 of the Vaults
 18839 | Vaults:1 | Reached skill level 11 in Invocations
 18853 | Vaults:1 | Reached skill level 6 in Ice Magic
 19125 | Vaults:1 | Reached XP level 20. HP: 206/221 MP: 28/28
 19272 | Vaults:1 | Reached skill level 7 in Ice Magic
 19360 | Vaults:1 | Learned a level 1 spell: Summon Butterflies
 19519 | Vaults:2 | Reached skill level 18 in Fighting
 19842 | Vaults:2 | Reached skill level 15 in Shields
 19971 | Vaults:2 | Reached skill level 5 in Spellcasting
 20356 | Vaults:2 | Reached skill level 6 in Spellcasting
 20356 | Vaults:2 | Reached skill level 8 in Ice Magic
 20368 | Vaults:2 | Reached skill level 13 in Throwing
 20597 | Vaults:3 | Reached skill level 7 in Spellcasting
 20934 | Vaults:3 | Found a staircase to the Crypt.
 21007 | Vaults:3 | Reached skill level 8 in Spellcasting
 21007 | Vaults:3 | Reached skill level 9 in Ice Magic
 21343 | Vaults:3 | Reached skill level 9 in Spellcasting
 21659 | Vaults:4 | Reached XP level 21. HP: 202/230 MP: 34/34
 21682 | Vaults:4 | Noticed Boris
 21703 | Vaults:4 | Killed Boris
 21856 | Vaults:4 | Reached skill level 10 in Ice Magic
 21868 | Vaults:4 | Reached skill level 14 in Throwing
 22034 | Vaults:4 | Reached skill level 7 in Translocations
 22328 | Vaults:4 | no shops in vaults :(
 22987 | D:7      | Bought a scroll of enchant weapon for 90 gold pieces
 23184 | D:12     | Bought a scroll of fog for 52 gold pieces
 23184 | D:12     | Bought a glowing gilded ring for 130 gold pieces
 23285 | Orc:2    | Reached skill level 1 in Summonings
 23330 | Orc:2    | Bought a potion of cure mutation for 275 gold pieces
 23363 | Elf:1    | Entered Level 1 of the Elven Halls
 23377 | Elf:1    | Reached skill level 1 in Axes
 23731 | Elf:2    | Reached skill level 2 in Axes
 23731 | Elf:2    | Reached skill level 2 in Summonings
 23852 | Elf:2    | Reached skill level 15 in Throwing
 23856 | Elf:2    | Reached skill level 3 in Axes
 23862 | Elf:2    | Found Fysir's Weapon Shoppe.
 23876 | Elf:2    | Reached skill level 3 in Summonings
 24073 | Elf:1    | Found an ancient bone altar of Kikubaaqudgha.
 24225 | Elf:1    | Identified the Compendium of Attacks (You found it on level 1 of the Elven Halls)
 24345 | Elf:1    | Reached skill level 7 in Evocations
 24419 | Elf:2    | Reached skill level 4 in Axes
 24449 | Elf:3    | Entered Level 3 of the Elven Halls
 24449 | Elf:3    | Found Tewacar's Assorted Antiques.
 24467 | Elf:3    | Bought a scroll of identify for 44 gold pieces
 24477 | Elf:3    | Bought a scroll of summoning for 209 gold pieces
 24581 | Elf:3    | Reached XP level 22. HP: 239/239 MP: 35/35
 24591 | Elf:3    | Found a frozen archway.
 24597 | IceCv    | Entered an ice cave
 24806 | IceCv    | 2 !cMut, worth it
 24912 | Elf:3    | Noticed Mara
 24916 | Elf:3    | Noticed Leszczynek's illusion
 24927 | Elf:3    | Killed Mara
 25001 | Elf:3    | Noticed Donald
 25030 | Elf:3    | Killed Donald
 25030 | Elf:3    | Reached skill level 5 in Axes
 25252 | Elf:2    | fucking bastard summoned a fiend and the run away
 25278 | Elf:2    | Reached skill level 8 in Evocations
 25697 | Elf:3    | Reached skill level 6 in Axes
 25712 | Elf:3    | Reached skill level 16 in Throwing
 25834 | Elf:3    | Reached skill level 9 in Evocations
 25907 | Elf:3    | Got a sparkling brass ring
 25912 | Elf:3    | Identified the ring "Paqatt" {rElec rC+ AC+3 Str+4 Int-3} (You took it off a deep elf archer on level 3 of the Elven Halls)
 25913 | Elf:3    | and yet another int-3
 26052 | Elf:3    | Identified Butatz's Handbook of Lucky Orientation (You found it on level 3 of the Elven Halls)
 26055 | Elf:3    | Learned a level 2 spell: Repel Missiles
 26081 | Elf:3    | Identified the ring "Okhletace" {rElec MR+ Str+4} (You took it off a deep elf demonologist on level 3 of the Elven Halls)
 26192 | Elf:3    | Bought 2 potions of brilliance for 176 gold pieces
 26391 | D:15     | Entered Level 15 of the Dungeon
 26484 | D:15     | Found a staircase to the Depths.
 26503 | D:15     | Reached skill level 1 in Air Magic
 26544 | D:15     | Reached skill level 9 in Dodging
 26796 | D:15     | Reached skill level 2 in Air Magic
 26824 | D:15     | Reached skill level 7 in Axes
 27191 | Depths:1 | Entered Level 1 of the Depths
 27311 | Depths:1 | Noticed Jorgrun
 27320 | Depths:1 | Killed Jorgrun
 27358 | Depths:1 | Found a gateway to Hell.
 27405 | Depths:1 | Reached XP level 23. HP: 240/247 MP: 36/36
 27417 | Depths:1 | Reached skill level 3 in Air Magic
 27450 | Depths:1 | Got a warped jade amulet
 27452 | Depths:1 | Identified the amulet of the Prince of Darkness {Dismiss rC++ SInv} (You found it on level 1 of the Depths)
 27453 | Depths:1 | oh, could be worse
 27453 | Depths:1 | no wait
 27453 | Depths:1 | actually it's horrible
 27453 | Depths:1 | i don't want it
 27505 | Depths:1 | Noticed the Enchantress
 27555 | Depths:1 | HP: 15/247 [spriggan air mage/the air[the Enchantress] (25)]
 27581 | D:15     | HP: 4/247 [something (29)]
 27623 | D:15     | Killed the Enchantress
 27627 | D:15     | Got a faerie dragon armour
 27638 | D:15     | Identified the +3 faerie dragon armour {rN+ rCorr} (You took it off the Enchantress on level 15 of the Dungeon)
 28121 | Depths:1 | Reached skill level 4 in Air Magic
 28131 | Depths:1 | this guy i swear
 28474 | Depths:1 | Found a gateway to a ziggurat.
 28614 | Depths:1 | Reached skill level 10 in Dodging
 28724 | Hell     | Entered the Vestibule of Hell
 28724 | Hell     | Noticed Geryon
 28725 | Hell     | no not here ffs
 28760 | Depths:1 | Reached skill level 8 in Axes
 28804 | Depths:2 | Found a one-way gate to the infinite horrors of the Abyss.
 29009 | Depths:2 | Noticed Bai Suzhen
 29024 | Depths:2 | Killed Bai Suzhen
 29206 | Depths:3 | Found Tileil's Gadget Emporium.
 29209 | Depths:3 | Bought a box of beasts for 280 gold pieces
 29230 | Depths:3 | Reached skill level 4 in Summonings
 29403 | Depths:3 | Reached skill level 8 in Translocations
 29440 | Depths:3 | Found Afaunwoq's General Store.
 29448 | Depths:3 | Bought a scroll of recharging for 142 gold pieces
 29448 | Depths:3 | Bought a scroll of magic mapping for 52 gold pieces
 29493 | Depths:3 | Reached skill level 9 in Axes
 29528 | Depths:3 | Found Boikh's Antique Weapon Shoppe.
 29642 | Depths:3 | Noticed Nikola
 29656 | Depths:3 | Killed Nikola
 29737 | Depths:3 | Found Coneruf's General Store.
 29768 | Depths:3 | Bought a potion of beneficial mutation for 490 gold pieces
 29768 | Depths:3 | Gained mutation: You have sharp fingernails. [potion of beneficial mutation]
 29769 | Depths:3 | Bought a scroll of teleportation for 42 gold pieces
 29837 | Depths:2 | Reached skill level 1 in Necromancy
 30268 | Depths:1 | Reached XP level 24. HP: 256/256 MP: 36/36
 30317 | Depths:1 | Reached skill level 5 in Summonings
 30396 | Depths:3 | Reached skill level 2 in Necromancy
 30476 | Depths:3 | Found Zutusky's Assorted Antiques.
 30484 | Depths:3 | Bought a potion of lignification for 120 gold pieces
 30587 | Depths:3 | Reached skill level 11 in Dodging
 30652 | Depths:4 | Reached skill level 10 in Axes
 31283 | Depths:5 | Entered Level 5 of the Depths
 31389 | Depths:4 | Noticed a juggernaut
 31427 | Depths:4 | Killed a juggernaut
 31442 | Depths:4 | Reached skill level 6 in Summonings
 31780 | Depths:5 | Noticed a caustic shrike
 31856 | Depths:5 | Upgraded the game from 0.19-a0-1071-g4ed3155 to 0.19-a0-1079-g88a7474
 31868 | Depths:5 | Reached skill level 11 in Axes
 32020 | Depths:5 | Found a gate to the Realm of Zot.
 32129 | Depths:5 | Reached skill level 12 in Axes
 32168 | Depths:5 | Noticed a caustic shrike
 32170 | Depths:5 | Noticed a caustic shrike
 32171 | Depths:5 | oh shit
 32172 | Depths:5 | Noticed a caustic shrike
 32172 | Depths:5 | Found Jallecenk's Jewellery Shop.
 32172 | Depths:5 | Noticed a caustic shrike
 32181 | Depths:4 | Killed a caustic shrike
 32181 | Depths:4 | Reached XP level 25. HP: 237/265 MP: 34/36
 32667 | Depths:5 | Reached skill level 13 in Axes
 32695 | Depths:5 | Bought an uncursed ring of see invisible for 345 gold pieces
 33321 | Lair:6   | Found a staircase to the Slime Pits.
 33339 | Slime:1  | Entered Level 1 of the Pits of Slime
 33345 | Slime:1  | Found a viscous altar of Jiyva.
 33626 | Slime:5  | Entered Level 5 of the Pits of Slime
 33634 | Slime:5  | Reached skill level 14 in Axes
 33678 | Slime:5  | Noticed the Royal Jelly
 33706 | Slime:5  | Killed the Royal Jelly
 33818 | Slime:5  | Identified the amulet of the Traitor {+Rage +Fly Int+3} (You found it on level 5 of the Pits of Slime)
 33836 | Slime:5  | Got a slimy rune of Zot
 33872 | Slime:5  | Got an ichor-stained hat
 33878 | Slime:5  | Identified the +0 hat of the Rabble {-Cast Regen+ Int+4} (You acquired it on level 5 of the Pits of Slime)
 33878 | Slime:5  | pffft
 33878 | Slime:5  | how about no
 33889 | Slime:5  | Learned a level 2 spell: Swiftness
 33896 | Slime:5  | Identified the Grimoire of Hexes and Shape Shifting (You found it on level 5 of the Pits of Slime)
 33981 | Slime:5  | Identified a +3 rod of shadows (10/10) (You found it on level 5 of the Pits of Slime)
 34017 | Slime:5  | Learned a level 5 spell: Silence
 34510 | Vaults:1 | Reached skill level 15 in Axes
 34668 | Vaults:5 | Entered Level 5 of the Vaults
 34670 | Vaults:5 | ehhh
 34674 | Vaults:5 | ehhhhhhh
 34674 | Vaults:5 | well, it was to be expected really
 34707 | Vaults:5 | Noticed an ancient lich
 34717 | Vaults:5 | Noticed an ancient lich
 34720 | Vaults:5 | bad layouts
 34745 | Vaults:5 | HP: 39/397 [tentacled monstrosity (4)]
 34764 | Vaults:5 | Reached XP level 26. HP: 47/274 MP: 28/36
 34793 | Vaults:5 | ok, i'm alive
 34793 | Vaults:5 | for now
 34793 | Vaults:5 | barely
 35072 | Vaults:5 | Reached skill level 16 in Axes
 35309 | Vaults:5 | Identified the ring "Habbimn" {*Tele Slay+2} (You took it off a yaktaur captain on level 5 of the Vaults)
 35567 | Vaults:5 | Killed an ancient lich
 35567 | Vaults:5 | Reached skill level 17 in Axes
 35567 | Vaults:5 | Reached skill level 10 in Spellcasting
 35592 | Vaults:5 | Reached skill level 3 in Necromancy
 35832 | Vaults:5 | Learned a level 8 spell: Borgnjor's Revivification
 35957 | Vaults:5 | Got a silver rune of Zot
 36042 | Vaults:5 | Reached skill level 4 in Necromancy
 36074 | Vaults:5 | Learned a level 3 spell: Regeneration
 36077 | Vaults:5 | Learned a level 2 spell: Song of Slaying
 36134 | Vaults:5 | Killed an ancient lich
 36162 | Vaults:5 | Reached XP level 27. HP: 233/284 MP: 37/37
 36169 | Vaults:5 | Reached skill level 5 in Necromancy
 36169 | Vaults:5 | Reached skill level 12 in Invocations
 36523 | Crypt:1  | Entered Level 1 of the Crypt
 36611 | Crypt:1  | Identified the amulet "Wonlim" {Faith rN+ Dex+4 Stlth+} (You found it on level 1 of the Crypt)
 36612 | Crypt:1  | hmmmm
 36642 | Crypt:1  | Reached skill level 7 in Summonings
 36673 | Crypt:2  | Reached skill level 4 in Charms
 36747 | Crypt:3  | Entered Level 3 of the Crypt
 36932 | Crypt:2  | Identified the ring "Ymeeq Mul" {Ice Str+3 Stlth+} (You found it on level 2 of the Crypt)
 37089 | Crypt:3  | Reached skill level 8 in Summonings
 37170 | Crypt:3  | Found a staircase to the Tomb.
 37180 | Crypt:3  | Identified the Guide on Black Rituals
 37297 | Crypt:3  | Reached skill level 9 in Summonings
 37395 | Crypt:3  | Found an ancient bone altar of Kikubaaqudgha.
 37395 | Crypt:3  | Noticed an ancient lich
 37399 | Crypt:3  | Killed an ancient lich
 37515 | Tomb:1   | Entered Level 1 of the Tomb of the Ancients
 37607 | Tomb:1   | Reached skill level 10 in Summonings
 37708 | Tomb:1   | Noticed a greater mummy
 37730 | Tomb:1   | Killed a greater mummy
 37889 | Tomb:1   | Reached skill level 1 in Hexes
 38058 | Tomb:2   | Noticed a greater mummy
 38058 | Tomb:2   | Noticed a greater mummy
 38061 | Tomb:2   | Noticed a greater mummy
 38091 | Tomb:2   | Killed a greater mummy
 38096 | Tomb:2   | Reached skill level 2 in Hexes
 38099 | Tomb:2   | Noticed a greater mummy
 38104 | Tomb:2   | HP: 24/278 [??? (13)]
 38109 | Tomb:1   | nope
 38294 | Tomb:1   | Killed a greater mummy
 38294 | Tomb:1   | Reached skill level 17 in Throwing
 38294 | Tomb:1   | Reached skill level 12 in Dodging
 38298 | Tomb:1   | i can already see how it will end
 38298 | Tomb:1   | i'll finish off a greater mummy with 30 hp
 38298 | Tomb:1   | a reaper with freezing will get summoned and will onehit me
 38397 | Tomb:1   | Killed a greater mummy
 38451 | Tomb:1   | Killed a greater mummy
 38451 | Tomb:1   | Reached skill level 3 in Hexes
 38451 | Tomb:1   | Reached skill level 6 in Necromancy
 38516 | Tomb:1   | Noticed a greater mummy
 38526 | Tomb:1   | Killed a greater mummy
 38535 | Tomb:1   | Noticed a greater mummy
 38544 | Tomb:1   | Noticed a greater mummy
 38549 | Tomb:1   | Killed a greater mummy
 38618 | Tomb:1   | Killed a greater mummy
 38664 | Tomb:1   | Noticed a greater mummy
 38674 | Tomb:1   | Noticed a greater mummy
 38683 | Tomb:1   | Noticed a greater mummy
 38683 | Tomb:1   | Killed a greater mummy
 38709 | Tomb:1   | Killed a greater mummy
 38709 | Tomb:1   | Reached skill level 4 in Hexes
 38717 | Tomb:1   | Killed a greater mummy
 38768 | Tomb:1   | Noticed a greater mummy
 38770 | Tomb:1   | Noticed a greater mummy
 38787 | Tomb:1   | Killed a greater mummy
 38792 | Tomb:1   | Noticed a greater mummy
 38795 | Tomb:1   | Killed a greater mummy
 38808 | Tomb:1   | Killed a greater mummy
 38808 | Tomb:1   | Reached skill level 7 in Necromancy
 38853 | Tomb:1   | Noticed a greater mummy
 38877 | Tomb:1   | Killed a greater mummy
 38902 | Tomb:1   | Noticed a greater mummy
 38942 | Tomb:1   | Killed a greater mummy
 38987 | Tomb:1   | Noticed a greater mummy
 38991 | Tomb:1   | right
 39006 | Tomb:1   | Killed a greater mummy
 39006 | Tomb:1   | Reached skill level 5 in Hexes
 39051 | Tomb:1   | Noticed a greater mummy
 39065 | Tomb:1   | Killed a greater mummy
 39074 | Tomb:1   | Noticed a greater mummy
 39077 | Tomb:1   | Noticed a greater mummy
 39111 | Tomb:1   | Killed a greater mummy
 39111 | Tomb:1   | Reached skill level 13 in Dodging
 39124 | Tomb:1   | Killed a greater mummy
 39183 | Tomb:1   | Noticed a greater mummy
 39205 | Tomb:1   | Killed a greater mummy
 39226 | Tomb:1   | Noticed a greater mummy
 39228 | Tomb:1   | Noticed a greater mummy
 39240 | Tomb:1   | Noticed a greater mummy
 39242 | Tomb:1   | Killed a greater mummy
 39254 | Tomb:1   | Killed a greater mummy
 39265 | Tomb:1   | Killed a greater mummy
 39279 | Tomb:1   | Noticed a greater mummy
 39295 | Tomb:1   | Killed a greater mummy
 39295 | Tomb:1   | Reached skill level 18 in Throwing
 39295 | Tomb:1   | Reached skill level 6 in Hexes
 39295 | Tomb:1   | Reached skill level 8 in Necromancy
 39451 | Tomb:3   | Entered Level 3 of the Tomb of the Ancients
 39481 | Tomb:2   | wow
 39804 | Tomb:3   | Noticed a greater mummy
 39804 | Tomb:3   | Noticed a greater mummy
 39823 | Tomb:2   | HP: 15/268 [bennu (20)]
 39829 | Tomb:2   | HP: 17/268 [bennu (13)]
 39830 | Tomb:2   | pfft
 39879 | Tomb:3   | Noticed a greater mummy
 39920 | Tomb:3   | Noticed a greater mummy
 39952 | Tomb:3   | Noticed a greater mummy
 40008 | Tomb:2   | Killed a greater mummy
 40027 | Tomb:3   | Noticed a greater mummy
 40027 | Tomb:3   | oops
 40040 | Tomb:2   | Killed a greater mummy
 40042 | Tomb:2   | Killed a greater mummy
 40074 | Tomb:3   | Noticed a greater mummy
 40076 | Tomb:3   | Noticed an ancient lich
 40110 | Tomb:2   | Reached skill level 7 in Hexes
 40118 | Tomb:2   | hmmm
 40132 | Tomb:2   | HP: 24/266 [greater mummy/divine providence (15)]
 40134 | Tomb:2   | HP: 8/266 [frost giant simulacrum[a greater mummy] (12)]
 40134 | Tomb:2   | Annihilated by a frost giant simulacrum

Vault maps used:
D:1:      dpeg_arrival_chambers_temple_mockup, minmay_bisected
D:2:      kiku_gazebo_pond_becter, ecumenical_altar_1, serial_glass,
          glass_columns_b, glass_columns_b
D:3:      cheibriados_altar_1, corner_web_ring
D:5:      first_bread, grunt_dithmenos_smoke_and_mirrors, uniq_blork_the_orc
D:6:      dk_noncrumbling_4
D:7:      good_gods_mini_temple, nemelex_xobeh_ov_fountains_minmay,
          serial_shops, shop, nicolae_shop_trees, kennysheep_little_box,
          hangedman_decor_growths, minmay_ruined_shrine
D:8:      lemuel_doored_altar, serial_shops, shop, due_unseen_surprise,
          uniq_maurice
D:9:      makhleb_grotto_becter, serial_shops, nicolae_shop_stone,
          grunt_livestock, uniq_erica
D:10:     lair_0_dummy, uniq_erolcha
D:11:     hiddenorc2_lemuel, solitary_fountain, uniq_snorg
D:12:     serial_shops, shop_coins, lab_entry_generic, uniq_josephine
D:13:     grunt_vaults_entry_tiered, basic_altar, minmay_misc_feat_diagonals,
          minmay_guarded_unrand_curses
D:14:     serial_bayou_lagoon_a, uniq_roxanne, uniq_frances, uniq_sonja
D:15:     grunt_enter_depths_giant_problem
Temple:   dpeg_chambers_temple
Lair:1:   beast_lair_carwin_7, grunt_megastairs_2, serial_bayou_shore_a,
          infiniplex_staircase_pool_2
Lair:2:   minmay_shoals_entry_centaurs, uniq_fannar, uniq_harold
Lair:4:   boulder_dual_corridor_run, minmay_snake_entry_guardpost_small,
          uniq_nergalle
Lair:5:   lemuel_fruit_fields
Lair:6:   hangedman_lair_caniforms_friends, slime_altar_2
Shoals:2: nicolae_shoals_mertower
Shoals:4: shoals_end_hangedman, shoals_ilsuiw_alternative
Snake:1:  hangedman_snake_pattern, uniq_louise, uniq_aizul
Snake:2:  serial_bayou, serial_bayou_pond_e, serial_bayou_pond_e,
          serial_bayou_pond_e, serial_bayou_pond_b, grunt_ministairs_7,
          uniq_agnes
Snake:3:  serial_shops, nicolae_shop_waterfront
Snake:4:  grunt_snake_rune_pools, uniq_vashnia
Slime:1:  basic_altar
Orc:1:    serial_shops, shop
Orc:2:    pf_orc_diabolical
Elf:1:    minmay_elf_arrival_plus, basic_altar, serial_shops,
          nicolae_shop_waterfront, minmay_elf_sorcery
Elf:2:    serial_shops, shop_statue, serial_sigils_hangedman_shear,
          billiards_dpeg
Elf:3:    elf_hall, portal_ice_cave_entry_horrid_things, serial_shops,
          shop_fountains, uniq_mara, uniq_donald
Vaults:1: v_misc_9, vaults_dpeg_ring, hangedman_vaults_slither,
          vaults_room_octagon, vaults_mumra_chevron_long, grunt_vaults_diagonal,
          v_rooms_4, ontoclasm_vaults_ligature, hangedman_vaults_slice,
          nicolae_vaults_what_the_h, vaults_room_guarded_vault,
          vaults_room_mumra_shop_pool, hangedman_vaults_maws,
          nicolae_vaults_little_squares_6
Vaults:2: nicolae_vaults_stairing_the_circle, v_misc_3
Vaults:3: ontoclasm_vaults_gateway, minmay_crypt_entry_simple_statues,
          vaults_room_large_hall, ontoclasm_vaults_fault, v_misc_4,
          vaults_mumra_chevron, nicolae_vaults_asterisk, ontoclasm_vaults_echo,
          nicolae_vaults_little_squares_1, v_misc_27,
          nicolae_vaults_windows_and_doors_thing, ontoclasm_vaults_chip,
          v_misc_4, nicolae_vaults_shelves_hall, vaults_standard_mumra_x
Vaults:4: nicolae_vaults_big_angled_halls, v_misc_26, v_misc_33,
          ontoclasm_vaults_twist, ontoclasm_vaults_idyll, v_misc_22,
          grunt_vaults_funnel, nicolae_vaults_three_branches,
          ontoclasm_vaults_misaligned, nicolae_vaults_ring_of_whatevers,
          uniq_boris
Vaults:5: serial_shops
Crypt:1:  minivault_5, minigarden_bobbens
Crypt:2:  grunt_ministairs_7
Crypt:3:  cryptofortress_bobbens
Depths:1: enter_ziggurat_b, hangedman_decor_clover_reticule, hell_entry,
          grunt_pan_entry_in_and_out, minmay_multi_spiral, uniq_jorgrun,
          uniq_enchantress
Depths:2: minmay_glassy_protrusions, abyss_entry_small_statue_room,
          serial_glass, glass_columns_a, glass_columns_c, hangedman_geh_valley,
          rand_demon_pan_entry_9, minmay_staircase_bubble,
          lemuel_flamethrower_3, uniq_bai_suzhen
Depths:3: kennysheep_ambush_hall, serial_sigils_hangedman_scar,
          rand_demon_pan_entry_8, abyss_entry, serial_shops, kennysheep_mini,
          shop_statue, shop, shop_statue, nicolae_shop_trees, pf_coc_iceberg,
          uniq_nikola
Depths:4: kennysheep_four_of_diamonds, abyss_entry, grunt_pan_entry_zigzag,
          hell_entry, minmay_misc_feat_encased, minmay_staircase_statues
Depths:5: grunt_zot_entry_gee_three, minmay_crystal_water, pan_entry,
          abyss_entry_glasseish, serial_shops, nicolae_shop_waterfront,
          hell_entry, lightli_fourway_metalbox, serial_bayou_shore_b
Lab:      labyrinth_mini_lab, nicolae_lab_checkerboard, nicolae_lab_starburst,
          nicolae_lab_swirl, nicolae_lab_big_swirl, nicolae_lab_grate
IceCv:    ice_cave_tombish

Skill      XL: |  1  2  3  4  5  6  7  8  9 10 11 12 13 14 15 16 17 18 19 20 21 22 23 24 25 26 27 |
---------------+----------------------------------------------------------------------------------+-----
Fighting       | 2 3 7 9 11 12 13 15 16 17 18 | 18.6
Maces & Flails | 1 3 4 6 8 11 13 14 15 16 17 | 17.3
Dodging        | 3 5 6 8 9 10 11 13 | 13.8
Invocations    | 5 8 9 10 11 12 | 12.3
Throwing       | 3 5 6 8 10 11 12 13 15 16 18 | 18.4
Shields        | 5 10 11 12 13 14 15 | 15.0
Evocations     | 1 6 7 9 |  9.1
Translocations | 1 4 6 7 8 |  8.1
Ice Magic      | 3 4 6 9 10 | 10.0
Spellcasting   | 4 9 10 | 10.5
Charms         | 3 4 |  4.2
Summonings     | 3 4 6 10 | 10.8
Axes           | 4 7 9 12 15 17 | 17.2
Air Magic      | 2 4 |  4.5
Necromancy     | 1 2 4 8 |  8.7
Hexes          | 7 |  7.0
Stealth        | |  1.5
Conjurations   | |  2.9

Action                   |  1- 3 |  4- 6 |  7- 9 | 10-12 | 13-15 | 16-18 | 19-21 | 22-24 | 25-27 || total
-------------------------+-------+-------+-------+-------+-------+-------+-------+-------+-------++-------
Melee: Dagger            |    25 |       |       |       |       |       |       |       |       ||    25
       Mace              |     2 |    39 |       |       |       |       |       |       |       ||    41
       Flail             |       |    13 |       |       |       |       |       |       |       ||    13
       Giant club        |       |    24 |   205 |   506 |       |       |       |       |       ||   735
       Morningstar       |       |       |       |    97 |  1397 |  1023 |   921 |       |       ||  3438
       Eveningstar       |       |       |       |       |       |       |   344 |  1455 |   129 ||  1928
       Broad axe         |       |       |       |       |       |       |       |       |  1844 ||  1844
Throw: Large rock        |       |       |       |     4 |     3 |    17 |    35 |   122 |    77 ||   258
       Throwing net      |       |       |       |       |       |       |       |       |     3 ||     3
 Cast: Magic Dart        |    68 |    22 |     8 |       |       |       |       |       |       ||    98
       Searing Ray       |     1 |     3 |     1 |       |       |       |       |       |       ||     5
       Apportation       |       |       |       |       |       |     3 |     2 |     3 |    21 ||    29
       Blink             |       |       |       |       |       |       |     9 |     2 |     5 ||    16
       Portal Projectile |       |       |       |       |       |       |     4 |    20 |    14 ||    38
       Repel Missiles    |       |       |       |       |       |       |       |     2 |     1 ||     3
       Passage of Golubr |       |       |       |       |       |       |       |     5 |    10 ||    15
       Animate Skeleton  |       |       |       |       |       |       |       |     2 |       ||     2
       Aura of Abjuratio |       |       |       |       |       |       |       |       |    39 ||    39
Invok: Ancestor Identity |       |     1 |       |       |       |       |       |       |       ||     1
       Ancestor Life: Kn |       |       |     1 |       |       |       |       |       |       ||     1
       Recall Ancestor   |       |       |       |     2 |     4 |     7 |     4 |    12 |    11 ||    40
       Transference      |       |       |       |     2 |       |       |       |       |       ||     2
       Idealise          |       |       |       |     1 |     3 |     6 |     1 |     8 |     4 ||    23
Evoke: Wand              |       |       |       |     6 |     2 |    12 |       |     2 |     8 ||    30
       Rod               |       |       |       |       |       |     1 |       |       |     2 ||     3
       Box of beasts     |       |       |       |       |       |     1 |       |       |       ||     1
       Sack of spiders   |       |       |       |       |       |       |       |       |     2 ||     2
  Use: Scroll            |     1 |     1 |     5 |     4 |    18 |    10 |    12 |    15 |    23 ||    89
       Potion            |       |       |     3 |     1 |     6 |     3 |       |    15 |     8 ||    36
 Stab: Distracted        |       |     1 |     1 |     5 |    13 |    12 |    13 |    16 |    48 ||   109
       Sleeping          |       |       |     2 |     1 |       |     1 |     3 |       |     4 ||    11
       Paralysed         |       |       |       |       |     2 |     1 |       |       |       ||     3
       Held in net/web   |       |       |       |       |       |       |       |       |     2 ||     2
  Eat: Chunk             |     2 |     4 |     7 |    12 |    20 |     9 |    20 |    11 |    10 ||    95
       Royal jelly       |       |       |       |     1 |       |       |     2 |     1 |       ||     4
       Fruit             |       |       |       |       |     4 |       |       |       |     3 ||     7
       Pizza             |       |       |       |       |     2 |     8 |       |       |     1 ||    11
       Beef jerky        |       |       |       |       |       |     1 |     5 |    12 |     2 ||    20
       Bread ration      |       |       |       |       |       |       |       |     1 |     9 ||    10
Armor: Robe              |    15 |    40 |    59 |   153 |   198 |    77 |    90 |   106 |   170 ||   908
       Skin              |       |       |       |     7 |     3 |       |       |    19 |    14 ||    43
       Troll leather arm |       |       |       |       |       |       |       |       |     6 ||     6
Dodge: Dodged            |    29 |    51 |   113 |   262 |   307 |   232 |   304 |   313 |   512 ||  2123
       Deflected         |       |       |       |       |       |       |       |     5 |     6 ||    11
Block: Large shield      |       |       |       |    39 |  1074 |   933 |  1019 |  1072 |  1353 ||  5490
